 Dungeon Crawl Stone Soup version 0.19-a0-1341-g3513869 (webtiles) character file.

192 rlgrobin the Chopper (level 6, 0/47 HPs)
             Began as a Formicid Fighter on Sept 1, 2016.
             Succumbed to an adder's poison
             ... on level 3 of the Dungeon.
             The game lasted 00:03:03 (1492 turns).

rlgrobin the Chopper (Formicid Fighter)             Turns: 1492, Time: 00:03:03

Health: 0/47       AC:  8    Str: 20    XL:     6   Next: 2%
Magic:  6/6        EV:  7    Int:  8    God:
Gold:   125        SH:  9    Dex: 12    Spells: 0 memorised, 5 levels left

rFire  . . .     SeeInvis +     a - +0 war axe
rCold  . . .     Gourm    .     b - +0 scale mail
rNeg   . . .     Faith    .     c - +0 shield
rPois  .         Spirit   .     (helmet unavailable)
rElec  .         Dismiss  .     n - +0 cloak
rCorr  .         Reflect  .     (no gloves)
MR     .....     Harm     .     (no boots)
Stlth  ..........               (no amulet)
                                (no ring)
                                (no ring)

@: lethally poisoned (0 -> -3)
A: permanent stasis, dig shafts and tunnels, four strong arms, antennae 3
a: Dig, Shaft Self


You were on level 3 of the Dungeon.
You were not hungry.

You visited 1 branch of the dungeon, and saw 3 of its levels.

You collected 125 gold pieces.

Inventory:

Hand Weapons
 a - a +0 war axe (weapon)
Armour
 b - a +0 scale mail (worn)
 c - a +0 shield (worn)
 n - a +0 cloak (worn)
Scrolls
 d - a scroll of enchant armour {unknown}
 i - 2 scrolls of remove curse
 l - a scroll of fog {unknown}
Potions
 e - 2 potions of flight {unknown}
 f - a potion of lignification {unknown}
 g - 2 potions of curing
 j - a potion of cure mutation {unknown}
 k - a potion of mutation {unknown}
 m - a potion of heal wounds {unknown}
 p - a potion of agility {unknown}
Comestibles
 h - 2 meat rations
 o - a bread ration


   Skills:
 - Level 3.2 Fighting
 + Level 5.7 Axes
 - Level 3.2 Armour
 - Level 3.6 Shields


You had 5 spell levels left.
You didn't know any spells.

Dungeon Overview and Level Annotations

Branches:
Dungeon (3/15)

Altars:


Innate Abilities, Weirdness & Mutations

You are under a permanent stasis effect.
You can dig through walls and to a lower floor.
Your four strong arms can wield two-handed weapons with a shield.
You have a pair of large antennae on your head. (SInv)


Message History

You block the adder's attack.
Your shield and scale mail prevent you from hitting the adder.
You hit the worm.
* * * LOW HITPOINT WARNING * * *
You feel sick. The adder barely misses you.
The worm bites you but does no damage.
You slash the adder!
You kill the adder!
You have reached level 6!
Your experience leads to an increase in your attributes!
Increase (S)trength, (I)ntelligence, or (D)exterity?
You feel agile.
You hit the worm.
* * * LOW HITPOINT WARNING * * *
You feel sick.
* * * LOW HITPOINT WARNING * * *
You feel sick.
* * * LOW HITPOINT WARNING * * *
You feel sick.
You die...

#.######..##.# ......
####......†...<.####......#
................#.......#.
#..........####.........
#...........# #......#
#...........###.)....#
#.............#......#
###########.#...))...#
#@#.########
########.......#
#..........###.#
#........w.#...###
#.......†..#.....#
#####..........†.....#
#...#...........#....#
#...#...........#.....#
#..........##...#........#


You could see a worm.

Vanquished Creatures
  Crazy Yiuf (D:2)
  Terence (D:2)
  3 gnolls (D:3)
  4 adders
  2 worms
  3 dart slugs
  3 bats
  4 giant cockroaches
  9 goblins
  6 hobgoblins
  8 jackals (D:1)
  A quokka (D:3)
  A ball python (D:1)
  3 giant newts
  8 kobolds
  4 rats
61 creatures vanquished.

Notes
Turn   | Place    | Note
-------+----------+-------------------------------------------
     0 | D:1      | rlgrobin the Formicid Fighter began the quest for the Orb.
     0 | D:1      | Reached XP level 1. HP: 18/18 MP: 1/1
    27 | D:1      | Reached XP level 2. HP: 7/24 MP: 2/2
   303 | D:1      | Reached skill level 3 in Axes
   387 | D:1      | Reached XP level 3. HP: 27/29 MP: 3/3
   870 | D:2      | Reached XP level 4. HP: 32/35 MP: 4/4
   887 | D:2      | Reached skill level 4 in Axes
   942 | D:2      | Found a runed door.
   957 | D:2      | Noticed Terence
   976 | D:2      | Killed Terence
   992 | D:2      | Reached XP level 5. HP: 38/41 MP: 5/5
  1305 | D:2      | Noticed Crazy Yiuf
  1314 | D:2      | Killed Crazy Yiuf
  1314 | D:2      | Reached skill level 5 in Axes
  1487 | D:3      | Reached XP level 6. HP: 3/47 MP: 6/6
  1487 | D:3      | HP: 2/47 [poisoned by an adder]
  1492 | D:3      | Succumbed to an adder's poison

Vault maps used:
D:1:      dpeg_arrival_long_road, serial_bayou_lake_a
D:2:      minmay_small_reverse_x, uniq_terence, uniq_crazy_yiuf_cottage
D:3:      gup_sewer_entry_bowl, first_bread

Skill      XL: |  1  2  3  4  5 |
---------------+----------------+-----
Axes           | 3 4 5 |  5.7
Fighting       | |  3.2
Armour         | |  3.2
Shields        | |  3.6

Action                   |  1- 3 |  4- 6 || total
-------------------------+-------+-------++-------
Melee: War axe           |   142 |    78 ||   220
  Use: Scroll            |       |     4 ||     4
       Potion            |       |     1 ||     1
  Eat: Bread ration      |       |     1 ||     1
Armor: Scale mail        |   106 |    26 ||   132
Dodge: Dodged            |    79 |    24 ||   103
Block: Shield            |   109 |    46 ||   155
